 Dungeon Crawl Stone Soup version 0.28.0-1-gb440e238dd (webtiles) character file.

Game seed: 7214905987483329125

11914 fragbeetle the Magus (level 11, 0/99 HPs)
             Began as a Minotaur Monk on Feb 25, 2022.
             Was an Elder of Nemelex Xobeh.
             Slain by a blink frog (10 damage)
             ... on level 1 of the Lair of Beasts.
             The game lasted 00:17:57 (14193 turns).

fragbeetle the Magus (Minotaur Monk)               Turns: 14193, Time: 00:17:58

Health: 0/99       AC: 14    Str: 20    XL:     11   Next: 55%
Magic:  17/17      EV:  6    Int:  7    God:    Nemelex Xobeh [****..]
Gold:   382        SH:  3    Dex: 13    Spells: 10/10 levels left

rFire   + . .      SeeInvis .   A - +2 war axe (vorpal)
rCold   . . .      Faith    .   e - +0 buckler
rNeg    . . .      Spirit   .   L - +1 plate armour {rF+}
rPois   .          Reflect  .   (helmet restricted)
rElec   .          Harm     .   (no cloak)
rCorr   .          Rampage  .   (no gloves)
Will    +....                   u - +2 pair of boots
Stlth   ..........              (no amulet)
HPRegen 0.26/turn               P - ring of willpower
MPRegen 0.15/turn               (no ring)

@: no status effects
A: horns 2, retaliatory headbutt
a: Renounce Religion, Draw Escape, Draw Destruction, Draw Summoning, Triple
Draw, Deal Four


You were on level 1 of the Lair of Beasts.
You worshipped Nemelex Xobeh.
Nemelex Xobeh was greatly pleased with you.
You visited 4 branches of the dungeon, and saw 14 of its levels.

You collected 382 gold pieces.

Inventory:

Hand Weapons
 a - a +0 hand axe
 w - a +2 rapier of venom
 z - a +4 mace
 A - a +2 vorpal war axe (weapon)
Missiles
 o - 190 arrows
 q - 40 bolts
 x - 33 sling bullets
 F - a throwing net (quivered)
Armour
 e - a +0 buckler (worn)
 m - a +0 tower shield
 u - a +2 pair of boots (worn)
 D - a +0 kite shield
 L - a +1 plate armour of fire resistance (worn)
Jewellery
 P - a ring of willpower (left hand)
Wands
 f - a wand of iceblast (6)
 y - a wand of mindburst (4)
 I - a wand of acid (7)
 N - a wand of flame (15)
 Q - a wand of paralysis (2)
Scrolls
 c - a scroll of holy word {unknown}
 d - 5 scrolls of teleportation {unknown}
 h - 3 scrolls of noise {unknown}
 l - 4 scrolls of enchant weapon {unknown}
 n - 6 scrolls of identify {unknown}
 p - 2 scrolls of immolation {unknown}
 t - 2 scrolls of fear {unknown}
 C - 2 scrolls of silence {unknown}
 H - a scroll of acquirement {unknown}
 J - a scroll of fog {unknown}
 M - a scroll of vulnerability {unknown}
 O - 3 scrolls of brand weapon {unknown}
Potions
 g - 5 potions of curing {unknown}
 i - 3 potions of degeneration {unknown}
 j - 2 potions of flight {unknown}
 k - a potion of lignification {unknown}
 r - a potion of haste {unknown}
 s - a potion of heal wounds {unknown}
 v - a potion of ambrosia {unknown}
 E - 2 potions of might {unknown}
 G - a potion of mutation {unknown}
 K - a potion of attraction {unknown}
 R - a potion of magic {unknown}


   Skills:
 - Level 10.0 Fighting
 - Level 10.0 Axes
 - Level 3.2 Dodging
 - Level 1.5 Stealth
 + Level 10.5 Invocations
 - Level 10.0 Evocations


You had 10 spell levels left.
You didn't know any spells.
Your spell library contained the following spells:

 Spells                   Type           Power      Damage    Failure   Level
 Slow                     Hex            0%         N/A       100%        1
 Static Discharge         Conj/Air       0%         N/A       100%        2
 Confusing Touch          Hex            0%         N/A       100%        3
 Dazzling Flash           Conj/Hex       0%         N/A       100%        3
 Vampiric Draining        Necr           0%         2d6       100%        3
 Dispel Undead            Necr           0%         3d6       100%        4
 Iskenderun's Mystic Bla  Conj/Tloc      0%         2d3       100%        4
 Sticky Flame             Conj/Fire      0%         2d3       100%        4
 Iskenderun's Battlesphe  Conj           0%         2d6       100%        5
 Iron Shot                Conj/Erth      0%         9d1       100%        6
 Starburst                Conj/Fire      0%         6d3       100%        6
 Spellforged Servitor     Conj/Summ      0%         N/A       100%        7


Dungeon Overview and Level Annotations

Branches:
Dungeon (11/15)            Temple (1/1) D:5            Lair (1/6) D:9
    Orc (1/2) D:10

Altars:
Ashenzari
Cheibriados
Dithmenos
Elyvilon
Fedhas
Gozag
Hepliaklqana
Kikubaaqudgha
Makhleb
Nemelex Xobeh
Okawaru
Qazlal
Ru
Sif Muna
Trog
Uskayaw
Vehumet
Wu Jian
Xom
Yredelemnul
Zin
The Shining One
Beogh

Shops:
D:6 (

Annotations:
D:3 Grinder
D:6 4 runed translucent doors, Sigmund
D:9 1 runed translucent door, jr88keys's ghost, journeyman DrIE


Innate Abilities, Weirdness & Mutations

You have a pair of horns on your head.
You reflexively headbutt those who attack you in melee.


Message History

You are too injured to fight recklessly!
You are too injured to fight recklessly!
Unknown command.
You are too injured to fight recklessly!
Unknown command.
There is a staircase back to the Dungeon here.
You hit the blink frog.
The blink frog is lightly wounded.
The blink frog hits you!
The blink frog blinks! x2
You hit the blink frog. You headbutt the blink frog!
The blink frog is heavily wounded.
The blink frog hits you. x2
You closely miss the blink frog. Your headbutt misses the blink frog.
The blink frog is heavily wounded.
The blink frog blinks! x2
You barely miss the water moccasin. The water moccasin barely misses you.
You hit the water moccasin.
The water moccasin is moderately wounded.
The water moccasin bites you but does no damage. x2
Unknown command.
You miss the water moccasin.
The water moccasin is moderately wounded.
You hit the blink frog. The blink frog hits you!
* * * LOW HITPOINT WARNING * * *
The water moccasin bites you but does no damage.
The blink frog completely misses you. You furiously retaliate!
You headbutt the blink frog. You hit the water moccasin.
You headbutt the water moccasin.
The water moccasin is severely wounded.
You closely miss the blink frog. The water moccasin closely misses you.
The blink frog blinks!
The blink frog hits you!
* * * LOW HITPOINT WARNING * * *
The blink frog blinks!
You block the water moccasin's attack.
Unknown command.
Okay, then.
You barely miss the water moccasin. You headbutt the water moccasin!
The water moccasin is almost dead.
You barely miss the blink frog. The blink frog hits you!
You die...
Your body glows with a rainbow of weird colours and disappears.

...............
......F........
..............
..........F..
........#.# ..
#...#...# ....
#....ยง..+.....
#..FSF........+
#...#@..P.....#
#...#####.....#
#... ......
#... .....#
#... ....# ....
....# .....


You could see 4 blink frogs and a water moccasin.

Vanquished Creatures
  A hydra (D:11)
  2 two-headed ogres
  An ugly thing (D:10)
  A gargoyle (D:11)
  Joseph (D:9)
  Maggie (D:6)
  2 trolls
  A blink frog (Lair:1)
  2 wyverns (D:9)
  8 yaks
  A wraith (D:10)
  Eustachio (D:4)
  5 vampire mosquitoes (D:11)
  A water moccasin (D:6)
  Duvessa (D:6)
  3 acid dragons
  6 orc warriors
  A sky beast (D:5)
  An ogre (D:5)
  2 black bears
  2 ice beasts (D:6)
  A necrophage (D:5)
  2 phantoms
  4 centaurs
  5 bullfrogs
  2 gnoll sergeants
  2 scorpions (D:6)
  A wyvern skeleton (D:5)
  Dowan (D:6)
  A water moccasin skeleton (D:6)
  3 killer bees (D:9)
  9 wights (D:10)
  2 centaur zombies
  4 howler monkeys (D:8)
  A jelly (D:6)
  3 hounds
  5 orc priests
  2 centaur skeletons
  2 gnoll shamans
  4 iguanas
  9 orc wizards
  2 killer bee zombies (D:8)
  A hound skeleton (D:5)
  A howler monkey zombie (D:7)
  8 adders
  10 gnolls
  A white imp (D:7)
  An ufetubus (D:5)
  2 worms
  2 dart slugs
  27 orcs
  A ball python (D:3)
  6 bats
  3 endoplasms
  5 goblins
  8 hobgoblins
  7 jackals
  2 quokkas
  3 frilled lizards
  7 kobolds
  A quokka skeleton (D:4)
  5 rats
210 creatures vanquished.

Vanquished Creatures (collateral kills)
  A deep elf pyromancer (D:10)
  An ugly thing (D:10)
  A centaur (D:10)
  An orc wizard (D:10)
4 creatures vanquished.

Vanquished Creatures (others)
  A plant (D:9)
1 creature vanquished.

Grand Total: 215 creatures vanquished

Notes
Turn   | Place    | Note
-------+----------+-------------------------------------------
     0 | D:1      | fragbeetle the Minotaur Monk began the quest for the Orb.
     0 | D:1      | Reached XP level 1. HP: 19/19 MP: 0/0
   272 | D:1      | Reached XP level 2. HP: 26/26 MP: 1/1
   299 | D:1      | Found a faded altar of an unknown god.
   969 | D:2      | Reached skill level 5 in Axes
  1007 | D:2      | Reached XP level 3. HP: 17/31 MP: 2/2
  1762 | D:3      | Reached XP level 4. HP: 38/39 MP: 3/3
  1793 | D:3      | Noticed Grinder
  2543 | D:4      | Noticed Eustachio
  2555 | D:4      | Reached XP level 5. HP: 39/45 MP: 4/4
  2568 | D:4      | Killed Eustachio
  2569 | D:4      | Reached XP level 6. HP: 29/51 MP: 5/5
  3159 | D:4      | Identified the +1 ring mail "Juhoun" {rF- rC- rN+++ Dex+10}
  3175 | D:5      | Entered Level 5 of the Dungeon
  3262 | D:5      | Found a staircase to the Ecumenical Temple.
  3433 | D:5      | Reached skill level 10 in Axes
  3433 | D:5      | Reached XP level 7. HP: 43/57 MP: 6/6
  3811 | D:5      | Reached skill level 5 in Fighting
  4080 | D:6      | Noticed Duvessa
  4080 | D:6      | Noticed Dowan
  4094 | D:6      | Noticed Sigmund
  4125 | D:6      | Reached XP level 8. HP: 73/73 MP: 7/7
  4463 | D:6      | Found Qerol's Antique Weapon Emporium.
  4507 | D:6      | Found a large runed translucent door.
  4508 | D:6      | Found a large runed translucent door.
  4535 | D:6      | Noticed Maggie
  4550 | D:6      | Killed Maggie
  5019 | D:6      | Found a large runed translucent door.
  5019 | D:6      | Found a large runed translucent door.
  5029 | D:6      | Reached skill level 10 in Fighting
  5112 | D:6      | Noticed a two-headed ogre
  5137 | D:6      | Reached XP level 9. HP: 75/85 MP: 8/8
  5525 | D:6      | Killed Duvessa
  5526 | D:6      | Reached skill level 5 in Evocations
  5536 | D:6      | Killed Dowan
  6315 | D:7      | Found a glowing silver altar of Zin.
  6689 | Temple   | Entered the Ecumenical Temple
  6870 | Temple   | Became a worshipper of Nemelex Xobeh the Trickster
  6870 | Temple   | Reached * piety under Nemelex Xobeh
  6870 | Temple   | Received a gift from Nemelex Xobeh
  6870 | Temple   | Reached ** piety under Nemelex Xobeh
  6991 | D:8      | Received a gift from Nemelex Xobeh
  7990 | D:9      | Found a runed translucent door.
  7990 | D:9      | Noticed jr88keys's ghost (journeyman DrIE)
  7991 | D:9      | Received a gift from Nemelex Xobeh
  8163 | D:9      | Noticed Joseph
  8182 | D:9      | Killed Joseph
  8467 | D:9      | Reached *** piety under Nemelex Xobeh
  8533 | D:9      | Reached XP level 10. HP: 93/93 MP: 9/9
  8647 | D:9      | Found a staircase to the Lair.
  8960 | D:9      | Noticed a two-headed ogre
  8962 | D:9      | Killed a two-headed ogre
  8963 | D:9      | Reached skill level 10 in Evocations
  8973 | D:9      | Reached skill level 1 in Invocations
  9156 | D:10     | Entered Level 10 of the Dungeon
  9161 | D:10     | Found a staircase to the Orcish Mines.
  9165 | D:10     | Noticed a purple ugly thing
  9169 | D:10     | Killed a purple ugly thing
  9246 | D:10     | Noticed a deep elf pyromancer
  9255 | D:10     | Killed a deep elf pyromancer
  9813 | D:10     | Reached skill level 5 in Invocations
 10461 | D:10     | Noticed a white ugly thing
 10472 | D:10     | Killed a white ugly thing
 11474 | D:10     | Reached XP level 11. HP: 91/99 MP: 15/15
 11867 | Orc:1    | Entered Level 1 of the Orcish Mines
 11867 | Orc:1    | Reached **** piety under Nemelex Xobeh
 12278 | D:11     | Noticed a five-headed hydra
 12291 | D:11     | Killed an eight-headed hydra
 13189 | D:11     | Noticed a two-headed ogre
 13198 | D:11     | Killed a two-headed ogre
 13199 | D:11     | Reached skill level 10 in Invocations
 14117 | Lair:1   | Entered Level 1 of the Lair of Beasts
 14193 | Lair:1   | Slain by a blink frog

Illustrated notes

Levels and vault maps discovered:
D:1:      amcnicky_arrival_underground_garden, layout_loops_ring,
          ebering_ecumenical_altar_webs
D:2:      layout_loops_ring, chequers_jeans, minmay_tetromino_s2
D:3:      layout_rooms, minmay_misc_feat_rows, minivault_23,
          kennysheep_generic_room_8, uniq_grinder
D:4:      layout_basic, serial_forest, infiniplex_forest_lined_2,
          infiniplex_forest_lined_1, infiniplex_forest_zigzag_1,
          infiniplex_forest_straight_1, infiniplex_forest_straight_2,
          interstate_on_off, uniq_eustachio
D:5:      layout_loops_ring, minmay_temple_entry_statues, lightli_corner_chamber
D:6:      layout_loops_ring, serial_shops, nicolae_square_shop,
          minmay_hollow_rounded_squares, uniq_duvessa, uniq_maggie, uniq_sigmund
D:7:      layout_rooms, kennysheep_little_box, ebering_dispersal_statue_hall
D:8:      layout_gridville
D:9:      layout_roguey, lair_entry_dummy, hellmonk_ghost_big_iron,
          minmay_splitting_lines, uniq_joseph
D:10:     layout_irregular_city, minmay_orc_entry_temple_small, minivault_16,
          glass_columns_c
D:11:     layout_basic
Temple:   mainiacjoe_temple_starburst
Lair:1:   layout_chaotic_city, minmay_hedge_maze, grunt_megastairs_5
Orc:1:    layout_caves, sword_in_stone

Skill      XL: |  1  2  3  4  5  6  7  8  9 10 11 |
---------------+----------------------------------+-----
Axes           | 4 5 7 8 10 | 10.0
Fighting       | 7 10 | 10.0
Evocations     | 3 8 10 | 10.0
Invocations    | 7 10 | 10.5
Dodging        | |  3.2
Stealth        | |  1.5

Action                   |  1- 3 |  4- 6 |  7- 9 | 10-12 || total
-------------------------+-------+-------+-------+-------++-------
Melee: Hand axe          |    95 |     8 |       |       ||   103
       Headbutt          |    12 |    19 |    54 |    56 ||   141
       Dagger            |       |    39 |       |       ||    39
       Rapier            |       |    41 |    56 |       ||    97
       War axe           |       |       |   174 |   261 ||   435
Invok: Draw Summoning    |       |       |       |     2 ||     2
       Draw Destruction  |       |       |       |     6 ||     6
       Draw Escape       |       |       |       |     1 ||     1
Evoke: Wand              |       |       |     4 |     8 ||    12
 Stab: Sleeping          |     4 |     5 |     4 |       ||    13
       Distracted        |       |       |     2 |       ||     2
Armor: Robe              |     3 |       |       |       ||     3
       Ring mail         |     1 |    15 |    19 |       ||    35
       Leather armour    |    31 |    18 |       |       ||    49
       Steam dragon scal |       |       |    42 |       ||    42
       Plate armour      |       |       |    10 |   197 ||   207
Dodge: Dodged            |    55 |    66 |   111 |    96 ||   328
Block: Buckler           |       |     4 |    32 |    40 ||    76
